 Dungeon Crawl Stone Soup version 0.24.1-14-gf8d2b509d9 (console) character file.

Game seed: 2296938439379032085, levelgen mode: deterministic

206 grimtooth the Ruffian (level 5, -1/40 HPs)
             Began as a Draconian Transmuter on Oct 11, 2020.
             Slain by an orc wizard
             ... wielding a +0 dagger
              (2 damage)
             ... on level 3 of the Dungeon.
             The game lasted 00:20:33 (3958 turns).

grimtooth the Ruffian (Draconian Transmuter)        Turns: 3958, Time: 00:20:34

Health: -1/40      AC:  5    Str: 13    XL:     5   Next: 53%
Magic:  3/8        EV: 12    Int: 17    God:
Gold:   171        SH:  0    Dex: 11    Spells: 2/8 levels left

rFire    . . .     SeeInvis .     - Unarmed
rCold    . . .     Gourm    +   (no shield)
rNeg     . . .     Faith    .   (armour unavailable)
rPois    .         Spirit   .   (helmet restricted)
rElec    .         Reflect  .   j - scarf {cloud immunity}
rCorr    .         Harm     .   (no gloves)
MR       .....                  (no boots)
Stlth    +.........             n - amulet of the gourmand
HPRegen  0.13/turn              b - +3 ring of intelligence
MPRegen  0.11/turn              (no ring)

@: very slightly contaminated
A: unfitting armour, cold-blooded, AC +5
a: no special abilities


You were on level 3 of the Dungeon.
You were very full.

You visited 1 branch of the dungeon, and saw 4 of its levels.

You collected 171 gold pieces.

Inventory:

Hand Weapons
 i - a +0 hunting sling
Missiles
 a - 39 arrows
 d - 86 stones (quivered)
 h - 41 sling bullets
Armour
 j - a scarf of cloud immunity (worn)
Jewellery
 b - a +3 ring of intelligence (left hand)
 n - an amulet of the gourmand (around neck)
Wands
 t - a wand of polymorph (10)
Scrolls
 f - 4 scrolls of remove curse {unknown}
 g - a scroll of blinking {unknown}
 l - a scroll of magic mapping {unknown}
 m - a scroll of enchant weapon {unknown}
 p - 2 scrolls of enchant armour {unknown}
 r - a scroll of fog {unknown}
 s - a scroll of fear {unknown}
 u - a scroll of identify {unknown}
 w - a scroll of teleportation {unknown}
 x - a scroll of amnesia {unknown}
Potions
 e - 2 potions of degeneration {unknown}
 k - a potion of berserk rage {unknown}
 o - 2 potions of might {unknown}
 v - a potion of haste
Comestibles
 c - 6 rations {@e3}


   Skills:
 - Level 1.1 Fighting
 - Level 1.7 Dodging
 * Level 5.5 Unarmed Combat
 - Level 2.0 Spellcasting
 + Level 3.6 Transmutations


You had 2 spell levels left.
You knew the following spells:

 Your Spells              Type           Power        Failure   Level  Hunger
a - Beastly Appendage     Tmut           ##....       4%          1    #......
b - Sticks to Snakes      Tmut           ##......     7%          2    ###....
c - Spider Form           Tmut/Pois      #.........   28%         3    ###....

Your spell library contained the following spells:

 Spells                   Type           Power        Failure   Level  Hunger
 Ice Form                 Ice/Tmut       #.......     67%         4    #####..
 Blade Hands              Tmut           ##........   77%         5    ######.


Dungeon Overview and Level Annotations

Branches:
Dungeon (4/15)
 Temple: D:4-7

Altars:
Gozag
Makhleb

Shops:
D:2 *


Innate Abilities, Weirdness & Mutations

Your plain brown scales are hard. (AC +5)
You cannot fit into any form of body armour.
You are cold-blooded and may be slowed by cold attacks.


Message History

You see here a quokka skeleton.
You start resting.
A bullfrog skeleton comes into view.
A bullfrog skeleton is nearby!
You start resting.
HP restored.
You see here a giant cockroach corpse.
You now have 171 gold pieces (gained 11).
d - 82 stones (gained 1)
d - 83 stones (gained 1)
d - 84 stones (gained 1)
d - 85 stones (gained 1)
d - 86 stones (gained 1)
The orc wizard shouts!
The orc wizard casts a spell at you. The puff of frost hits you.
Casting: Beastly Appendage (safe; 4% risk of failure)
Confirm with . or Enter, or press ? or * to list all spells.
You grow a pair of large bovine horns.
You completely miss the orc wizard. Your headbutt misses the orc wizard.
You closely miss the orc wizard.
The orc wizard hits you with a +0 dagger.
An orc comes into view. It is wielding a staff of death.
You closely miss the orc wizard.
The orc wizard gestures at you while chanting.
The puff of flame hits you!
You closely miss the orc wizard.
The orc shouts!
The orc wizard hits you with a +0 dagger.
You hit the orc wizard but do no damage.
The orc wizard looks braver for a moment.
An orc comes into view. It is wielding a +0 club.
You hit the orc wizard.
The orc wizard is moderately wounded.
The orc wizard hits you with a +0 dagger.
You miss the orc wizard. Your punch misses the orc wizard.
The orc wizard is moderately wounded.
The orc wizard hits you with a +0 dagger.
* * * LOW HITPOINT WARNING * * *
You hit the orc wizard. You headbutt the orc wizard!
The orc wizard is almost dead.
The orc wizard gestures wildly while chanting.
The orc wizard flickers and vanishes!
Deactivating autopickup; reactivate with Ctrl-A.
You miss something. The orc barely misses you. Something hits you.
* * * LOW HITPOINT WARNING * * *
You barely miss something.
Your tail-slap misses something.
You closely miss something. Something hits you.
* * * LOW HITPOINT WARNING * * *
Okay, then.
Enter note: - I'm about to die from this stupid wizard You feel better.
The orc hits you but does no damage. Something hits you.
* * * LOW HITPOINT WARNING * * *
The orc hits you but does no damage.
You miss something. You tail-slap something.
The orc hits you with an uncursed staff of death.
* * * LOW HITPOINT WARNING * * *
The orc hits you with a +0 club.
* * * LOW HITPOINT WARNING * * *
You miss something. Your punch misses something.
Something hits you but does no damage.
The orc hits you with an uncursed staff of death.
* * * LOW HITPOINT WARNING * * *
You miss something.
Your tail-slap misses something.
Your transformation is almost over.
The orc misses you. Something hits you.
* * * LOW HITPOINT WARNING * * *
The orc closely misses you. The orc barely misses you.
You hear some strange, mumbled words.
Casting: Beastly Appendage (safe; 4% risk of failure)
Confirm with . or Enter, or press ? or * to list all spells.
You miscast Spider Form.
You are very lightly contaminated with residual magic.
Your hands glow momentarily.
Your horns disappear.
Casting: Spider Form (safe; 28% risk of failure)
Confirm with . or Enter, or press ? or * to list all spells.
You miscast Spider Form.
You feel odd. The orc hits you but does no damage.
Casting: Spider Form (safe; 28% risk of failure)
Confirm with . or Enter, or press ? or * to list all spells.
You don't have enough magic to cast that spell.
Something hits you but does no damage.
A magic dart appears from out of thin air!
The magic dart hits you.
* * * LOW HITPOINT WARNING * * *
You hear some strange, mumbled words.
A puff of frost appears from out of thin air!
The puff of frost misses you.
A magic dart appears from out of thin air!
The magic dart hits you.
* * * LOW HITPOINT WARNING * * *
There is a stone staircase leading up here.
You climb upwards.
Reactivating autopickup.
There is a stone staircase leading down here.
Press: ? - help, v - describe, . - travel A stone staircase leading up.
Something hits you.
You die...

.......#.####...............#....
....##.....###.#..............###
.....#.....##.................#
........................#.....#
.......#........).......#.....#
.......#.............>........#
.......'........<.............#
..รท....####.....{.............#
..........#.....@##...........#
#########.######.##...#########
#.....#..........##...#
#.###.################# ......#
#.####### #.##....# #....##.#
#######.#


There were no monsters in sight!

Vanquished Creatures
  Terence (D:3)
  A hound skeleton (D:4)
  Robin (D:3)
  4 gnolls (D:3)
  2 adders
  An ooze (D:3)
  2 worms (D:3)
  2 dart slugs (D:2)
  4 leopard geckos
  2 orcs (D:4)
  2 ball pythons (D:2)
  9 bats
  2 giant cockroaches
  12 goblins
  10 hobgoblins
  3 jackals
  7 kobolds
  A quokka (D:4)
  6 frilled lizards
  A quokka zombie (D:3)
  6 rats
79 creatures vanquished.

Notes
Turn   | Place    | Note
-------+----------+-------------------------------------------
     0 | D:1      | grimtooth the Draconian Transmuter began the quest for the
                  | Orb.
     0 | D:1      | Reached XP level 1. HP: 16/16 MP: 3/3
    90 | D:1      | Reached XP level 2. HP: 22/23 MP: 3/5
   684 | D:2      | Learned a level 2 spell: Sticks to Snakes
   735 | D:2      | Reached XP level 3. HP: 25/28 MP: 4/6
   825 | D:2      | Reached skill level 4 in Unarmed Combat
  1265 | D:2      | Found Gozag's Platinum Reserve.
  1268 | D:2      | Found an opulent altar of Gozag.
  1521 | D:3      | Reached XP level 4. HP: 32/35 MP: 5/7
  1634 | D:3      | Found a burning altar of Makhleb.
  1753 | D:2      | Learned a level 3 spell: Spider Form
  2118 | D:3      | Noticed a balrug
  2121 | D:3      | Noticed a ynoxinul
  2121 | D:3      | Noticed a smoke demon
  2170 | D:3      | Noticed Terence
  2175 | D:3      | Noticed Robin
  2176 | D:3      | - son of a bitch
  2825 | D:3      | Killed Terence
  2825 | D:3      | Reached skill level 5 in Unarmed Combat
  2825 | D:3      | Reached XP level 5. HP: 25/40 MP: 4/8
  3338 | D:3      | Killed Robin
  3603 | D:4      | Noticed an ogre
  3930 | D:4      | - I'm about to die from this stupid wizard
  3954 | D:4      | HP: 1/40 [something/magic dart (6)]
  3958 | D:3      | Slain by an orc wizard

Levels and vault maps discovered:
D:1:      tarquinn_simple_flora_water_d, layout_basic, minmay_box_of_dots
D:2:      layout_loops_ring, nicolae_gozag_zags_fifth_avenue
D:3:      layout_basic, minivault_24, makhleb_altar_promises_db, uniq_terence,
          uniq_robin
D:4:      layout_cave_pools, first_ration, minmay_fractal_squares_gapless_5

Skill      XL: |  1  2  3  4 |
---------------+-------------+-----
Unarmed Combat | 4 5 |  5.5
Transmutations | 3 |  3.6
Fighting       | |  1.1
Dodging        | |  1.7
Spellcasting   | |  2.0

Action                   |  1- 3 |  4- 6 || total
-------------------------+-------+-------++-------
Melee: Unarmed           |   145 |   158 ||   303
       Tailslap          |    13 |    13 ||    26
       Kick              |     5 |     5 ||    10
       Punch             |     2 |     1 ||     3
       Headbutt          |     3 |     7 ||    10
Throw: Stone             |     2 |    52 ||    54
 Cast: Beastly Appendage |    26 |    19 ||    45
       Spider Form       |       |     4 ||     4
  Use: Potion            |       |     1 ||     1
 Stab: Sleeping          |     1 |       ||     1
  Eat: Chunk             |     5 |    17 ||    22
Armor: Skin              |    49 |    40 ||    89
Dodge: Dodged            |   101 |    95 ||   196
